 Dungeon Crawl Stone Soup version 0.26-a0-812-g31a745ddcd (webtiles) character file.

Game seed: 963702181469117284

119 Apogee the Stinger (level 4, -3/33 HPs)
             Began as a Draconian Venom Mage on Nov 25, 2020.
             Was an Initiate of Vehumet.
             Slain by an orc wizard
             ... wielding a +0 dagger
              (4 damage)
             ... on level 2 of the Dungeon.
             The game lasted 00:05:08 (2713 turns).

Apogee the Stinger (Draconian Venom Mage)           Turns: 2713, Time: 00:05:08

Health: -3/33      AC:  5    Str: 10    XL:     4   Next: 74%
Magic:  6/8        EV: 12    Int: 15    God:    Vehumet [......]
Gold:   112        SH:  0    Dex: 13    Spells: 3/9 levels left

rFire    . . .     SeeInvis .   c - +0 dagger
rCold    . . .     Faith    .   (no shield)
rNeg     . . .     Spirit   .   (armour unavailable)
rPois    .         Reflect  .   (helmet restricted)
rElec    .         Harm     .   (no cloak)
rCorr    .         Rampage  .   (no gloves)
MR       .....                  (no boots)
Stlth    ++........             (no amulet)
HPRegen  0.11/turn              (no ring)
MPRegen  0.11/turn              (no ring)

@: no status effects
A: unfitting armour, cold-blooded, AC +5
a: Renounce Religion


You were on level 2 of the Dungeon.
You worshipped Vehumet.
Vehumet was noncommittal.
You visited 1 branch of the dungeon, and saw 3 of its levels.

You collected 112 gold pieces.

Inventory:

Hand Weapons
 c - a +0 dagger (weapon)
   (You took it off a goblin on level 1 of the Dungeon)
 m - a cursed +0 quarterstaff
   (You found it on level 2 of the Dungeon)
Missiles
 d - 112 stones (quivered)
Jewellery
 i - an uncursed ring of fire {unknown}
   (You found it on level 1 of the Dungeon)
Scrolls
 a - 7 scrolls of identify {unknown}
 f - 3 scrolls of teleportation {unknown}
 g - 4 scrolls of remove curse {unknown}
 j - a scroll of blinking {unknown}
 k - a scroll of fog {unknown}
 l - a scroll of amnesia {unknown}
 o - a scroll of enchant armour {unknown}
 p - a scroll of fear {unknown}
Potions
 b - a potion of lignification {unknown}
 e - a potion of haste {unknown}
 h - a potion of flight {unknown}
 n - a potion of cancellation {unknown}
 q - a potion of brilliance {unknown}


   Skills:
 - Level 1.7 Dodging
 - Level 1.7 Stealth
 + Level 3.0 Spellcasting
 + Level 0.4 Conjurations
 - Level 2.0 Transmutations
 + Level 1.5 Air Magic
 + Level 3.9 Poison Magic


You had 3 spell levels left.
You knew the following spells:

 Your Spells              Type           Power        Failure   Level
a - Sting                 Tmut/Pois      ##..         6%          1
f - Mephitic Cloud        Conj/Pois/Air  #.......     26%         3
x - Poisonous Vapours     Pois/Air       ##....       10%         2

Your spell library contained the following spells:

 Spells                   Type           Power        Failure   Level
 Ignite Poison            Fire/Tmut/Pois #.......     26%         3
 Olgreb's Toxic Radiance  Pois           ##......     36%         4


Dungeon Overview and Level Annotations

Branches:
Dungeon (3/15)

Altars:
Elyvilon
Vehumet


Innate Abilities, Weirdness & Mutations

Your plain brown scales are hard. (AC +5)
You cannot fit into any form of body armour.
You are cold-blooded and may be slowed by cold attacks.


Message History

You see here a giant cockroach corpse.
Aim: an orc wizard, wielding a +0 dagger and wearing a +0 robe The sting hits the orc wizard.
The orc wizard is poisoned.
The orc wizard barely misses you.
The orc wizard hits you but does no damage.
The orc wizard gestures at you while chanting.
The magic dart hits you!
* * * LOW HITPOINT WARNING * * *
The orc wizard looks more healthy.
The orc wizard casts a spell.
The orc wizard flickers and vanishes!
Deactivating autopickup; reactivate with Ctrl-A.
The orc wizard closely misses you.
The orc wizard gestures at you while chanting.
The magic dart hits something!
Something hits you but does no damage.
Found a stone staircase leading down.
Aim: an orc wizard, wielding a +0 dagger and wearing a +0 robe (fast)
The sting hits something.
You hear some strange, mumbled words.
A magic dart appears from out of thin air!
The magic dart hits you.
* * * LOW HITPOINT WARNING * * *
Vehumet accepts your kill.
Reactivating autopickup.
You feel a bit more experienced.
A rat comes into view.
The rat moves out of view.
The orc wizard casts a spell.
The orc wizard seems to speed up.
The orc wizard casts a spell.
The orc wizard blinks!
The orc wizard looks satisfied for a moment.
There is a stone staircase leading up here.
The orc wizard completely misses you.
The orc wizard hits you but does no damage.
The orc wizard points at you and mumbles some strange words.
The puff of flame misses you.
The orc wizard hits you with a cursed +0 dagger.
* * * LOW HITPOINT WARNING * * *
You climb upwards.
You feel yourself speed up.
There is a stone staircase leading down here.
Aim: an orc wizard, wielding a +0 dagger and wearing a +0 robe (moderately wounded, fast)
The sting hits the orc wizard.
The orc wizard is poisoned.
The orc wizard points at you and mumbles some strange words.
The puff of flame hits you!
* * * LOW HITPOINT WARNING * * *
The orc wizard hits you with a +0 dagger.
You die...

##############
#..........o@#
###...########.#
#.......######.###########
#........................#
#.........####<#########.#
#####...##.............#
#.#
.................#####.#
#.# )#####..#######..# #.#
#.# ........#######..# #.#
#.#


You could see an orc wizard (fast, poisoned).

Vanquished Creatures
  An orc wizard (D:3)
  3 adders
  An ooze (D:1)
  A worm (D:2)
  3 dart slugs
  4 leopard geckos
  4 bats (D:1)
  2 giant cockroaches
  7 goblins
  10 hobgoblins
  6 jackals
  2 quokkas
  2 ball pythons
  5 frilled lizards
  6 kobolds
  7 rats
64 creatures vanquished.

Vanquished Creatures (others)
  A leopard gecko (D:2)
  A hobgoblin (D:2)
2 creatures vanquished.

Grand Total: 66 creatures vanquished

Notes
Turn   | Place    | Note
-------+----------+-------------------------------------------
     0 | D:1      | Apogee the Draconian Venom Mage began the quest for the
                  | Orb.
     0 | D:1      | Reached XP level 1. HP: 14/14 MP: 3/3
   297 | D:1      | Reached XP level 2. HP: 20/20 MP: 1/5
   513 | D:1      | Learned a level 2 spell: Poisonous Vapours
   874 | D:1      | Reached XP level 3. HP: 24/26 MP: 3/6
  1562 | D:2      | Reached skill level 1 in Air Magic
  1562 | D:2      | Reached XP level 4. HP: 29/33 MP: 5/8
  2190 | D:2      | Found a white marble altar of Elyvilon.
  2238 | D:2      | Found a radiant altar of Vehumet.
  2253 | D:2      | Became a worshipper of Vehumet
  2587 | D:2      | Learned a level 3 spell: Mephitic Cloud
  2713 | D:2      | HP: 1/33 [orc wizard/puff of flame (8)]
  2713 | D:2      | Slain by an orc wizard

Illustrated notes

Levels and vault maps discovered:
D:1:      minmay_arrival_radiant_lines, layout_basic
D:2:      layout_loops_ring, vehumet_crystals, elyvilon_altar_4
D:3:      layout_rooms, guppyfry_early_orc_mine

Skill      XL: |  1  2  3  4 |
---------------+-------------+-----
Transmutations | 2 |  2.0
Air Magic      | 1 |  1.5
Spellcasting   | 3 |  3.0
Dodging        | |  1.7
Stealth        | |  1.7
Conjurations   | |  0.4
Poison Magic   | |  3.9

Action                   |  1- 3 |  4- 6 || total
-------------------------+-------+-------++-------
Melee: Unarmed           |     3 |       ||     3
       Tailslap          |     7 |     3 ||    10
       Dagger            |    38 |    43 ||    81
 Cast: Sting             |    56 |    25 ||    81
       Poisonous Vapours |     2 |       ||     2
 Stab: Sleeping          |       |     2 ||     2
Armor: Skin              |    11 |    20 ||    31
Dodge: Dodged            |    37 |    35 ||    72

Table legend: (Time is in decaauts)
 A = Elapsed time spent in this place.
 B = Non-inter-level travel time spent in this place.
 C = Inter-level travel time spent in this place.
 D = Time resting spent in this place.
 E = Time spent auto-exploring this place.
 F = Levels seen in this place.
 G = Mean time per level.
                   A        B        C        D        E       F      G
               +--------+--------+--------+--------+--------+-----+--------+
         Total |   2721 |   2655 |     66 |     90 |   2096 |   3 |  907.0 |
       Dungeon |   2721 |   2655 |     66 |     90 |   2096 |   3 |  907.0 |
               +--------+--------+--------+--------+--------+-----+--------+

Top non-repeatable levels by time:
     D:1: 1374 daAuts
     D:2: 1215 daAuts
     D:3: 131 daAuts
